 Dungeon Crawl Stone Soup version 0.22.1-1-ga44c0e5 (webtiles) character file.

16052 MalarOregon the Thrower (level 12, -14/106 HPs)
             Began as a Minotaur Hunter on Sept 20, 2018.
             Was a High Priest of Cheibriados.
             Demolished by Snorg (15 damage)
             ... on level 3 of the Lair of Beasts.
             The game lasted 00:29:32 (11257 turns).

MalarOregon the Thrower (Minotaur Hunter)          Turns: 11257, Time: 00:29:33

Health: -14/106    AC: 14    Str: 34    XL:     12   Next: 6%
Magic:  16/16      EV: 15    Int: 20    God:    Cheibriados [*****.]
Gold:   399        SH:  0    Dex: 23    Spells: 11/11 levels left

rFire    + . .     SeeInvis .   H - +1 falchion (flame)
rCold    . . .     Gourm    .   (no shield)
rNeg     . . .     Faith    .   m - +0 plate armour
rPois    .         Spirit   .   (helmet restricted)
rElec    .         Reflect  .   (no cloak)
rCorr    +         Harm     .   (no gloves)
MR       .....                  (no boots)
Stlth    ..........             (no amulet)
HPRegen  0.27/turn              i - ring of protection from fire
MPRegen  0.15/turn              c - ring of resist corrosion

@: very slow
A: retaliatory headbutt, horns 2
a: Bend Time, Temporal Distortion, Slouch, Step From Time, Renounce Religion


You were on level 3 of the Lair of Beasts.
You worshipped Cheibriados.
Cheibriados was extremely pleased with you.
You were hungry.

You visited 2 branches of the dungeon, and saw 11 of its levels.

You collected 594 gold pieces.
You spent 195 gold pieces at shops.

Inventory:

Hand Weapons
 B - the +7 short sword of Light {freeze, Str+3}
   (You found it on level 5 of the Dungeon)

   It has been specially enchanted to freeze those struck by it, causing extra
   injury to most foes and up to half again as much damage against particularly
   susceptible opponents.
   It can also slow down cold-blooded creatures.
   It affects your strength (+3).
 F - the cursed +2 trident "Fixeuxt" {speed, +Blink rC+ MP+9 Int+4, unknown}
   (You found it on level 1 of the Lair of Beasts)

   Attacks with this weapon are significantly faster.
   It affects your intelligence (+4).
   It protects you from cold.
   It affects your magic capacity (+9).
   It lets you blink.
   It has a curse placed upon it.
   Cheibriados disapproves of the use of such an item.
 H - a +1 falchion of flaming (weapon)
   (You found it on level 8 of the Dungeon)
Missiles
 a - 6 tomahawks (quivered)
 n - 191 stones
 q - 4 throwing nets {!f}
Armour
 m - a +0 plate armour (worn)
   (You found it on level 8 of the Dungeon)
Jewellery
 c - a ring of resist corrosion (right hand)
   (You found it on level 1 of the Lair of Beasts)
 i - a ring of protection from fire (left hand)
   (You found it on level 2 of the Lair of Beasts)
 z - an uncursed ring of see invisible
   (You found it on level 2 of the Dungeon)
 D - an uncursed amulet of faith {!P}
   (You found it on level 3 of the Dungeon)
 L - a +5 ring of strength {unknown}
   (You found it on level 3 of the Lair of Beasts)
 M - an uncursed ring of positive energy {unknown}
   (You found it on level 3 of the Lair of Beasts)
Wands
 b - a wand of polymorph (17)
   (You found it on level 8 of the Dungeon)
 d - a wand of iceblast (18)
   (You found it on level 2 of the Lair of Beasts)
 t - a wand of flame (48)
   (You took it off Duvessa on level 6 of the Dungeon)
 u - a wand of paralysis (41)
   (You found it on level 2 of the Lair of Beasts)
 x - a wand of acid (2)
   (You found it on level 6 of the Dungeon)
Scrolls
 f - 2 scrolls of blinking
 h - 4 scrolls of amnesia
 j - 3 scrolls of enchant weapon
 o - 2 scrolls of immolation {!r}
 y - 8 scrolls of remove curse {@r2}
 A - 2 scrolls of teleportation {@r4}
 J - 10 scrolls of identify {@r1}
Potions
 g - a potion of ambrosia {unknown}
 k - 6 potions of brilliance
 l - a potion of mutation {unknown}
 p - a potion of berserk rage {unknown}
 r - a potion of degeneration {unknown}
 s - 4 potions of heal wounds {unknown}
 v - 2 potions of lignification {unknown}
 w - 4 potions of might {unknown}
 C - a potion of invisibility
 G - a potion of curing {unknown}
 K - a potion of agility {unknown}
 N - a potion of resistance {unknown}
Comestibles
 e - 22 rations {!d}


   Skills:
 + Level 9.8 Fighting
 * Level 11.8 Throwing
 + Level 9.4 Armour
 + Level 9.1 Dodging
 - Level 0.7 Stealth
 + Level 7.7 Invocations
 + Level 3.6 Evocations


You had 11 spell levels left.
You didn't know any spells.
Your spell library contained the following spells:

 Spells                   Type           Power        Failure   Level  Hunger
 Shock                    Conj/Air       #...         75%         1    ##.....
 Swiftness                Chrm/Air       #.......     86%         2    ###....
 Static Discharge         Conj/Air       #.......     98%         3    ####...
 Airstrike                Air            #.........   100%        4    #####..
 Lightning Bolt           Conj/Air       #.........   100%        5    ######.


Dungeon Overview and Level Annotations

Branches:
Dungeon (8/15)             Temple (0/1) D:7            Lair (3/6) D:8
 Spider (0/4) Lair:2
  Swamp: Lair:2-4    Shoals: Lair:2-4

Altars:
Ashenzari
Cheibriados
Elyvilon
Gozag
Hepliaklqana
Nemelex Xobeh
Ru
Trog
Uskayaw
Wu Jian
Xom
Yredelemnul

Shops:
D:8 }

Annotations:
Lair:3 Snorg


Innate Abilities, Weirdness & Mutations

You reflexively headbutt those who attack you in melee.
You have a pair of horns on your head.


Message History

Found a ration.
Found a potion of haste.
e - 22 rations {!d} (gained 1)
Found a naga barding.
Snorg the Insatiable comes into view.
Snorg shouts!
Snorg bites you but does no damage. Snorg claws you.
Snorg claws you but does no damage.
Throwing (i - inventory. (/) - cycle)
E - 5 javelins (quivered)
Aim: Snorg You throw a javelin.
The javelin hits Snorg!
Snorg goes berserk!
Throwing (i - inventory. (/) - cycle)
E - 4 javelins (quivered)
Aim: Snorg (lightly wounded, berserk, fast, unusually strong)
You throw a javelin. The javelin closely misses Snorg.
Snorg bites you. Snorg claws you but does no damage. Snorg claws you!
Throwing (i - inventory. (/) - cycle)
E - 3 javelins (quivered)
Aim: Snorg (lightly wounded, berserk, fast, unusually strong)
You throw a javelin. The javelin barely misses Snorg.
Snorg misses you.
You riposte.
You slash Snorg! You burn Snorg. You headbutt Snorg!! Snorg barely misses you.
Snorg claws you!
Throwing (i - inventory. (/) - cycle)
E - 2 javelins (quivered)
Aim: Snorg (heavily wounded, berserk, fast, unusually strong)
You throw a javelin. The javelin hits Snorg!
Snorg bites you! Snorg completely misses you. Snorg claws you.
Snorg closely misses you. You furiously retaliate!
You headbutt Snorg!
You riposte.
You closely miss Snorg. Snorg claws you. Snorg misses you.
Throwing (i - inventory. (/) - cycle)
E - a javelin (quivered)
Aim: Snorg (heavily wounded, berserk, fast, unusually strong)
You throw a javelin. The javelin closely misses Snorg.
Snorg misses you.
You riposte.
You hit Snorg. You burn Snorg. Snorg claws you but does no damage.
Snorg closely misses you.
Okay, then.
Throwing (i - inventory. (/) - cycle)
a - 7 tomahawks (quivered)
Aim: Snorg (heavily wounded, berserk, fast, unusually strong)
You throw a tomahawk. The tomahawk hits Snorg!!
Snorg bites you!
* * * LOW HITPOINT WARNING * * *
Snorg claws you!
* * * LOW HITPOINT WARNING * * *
Snorg closely misses you.
Aim: Snorg (severely wounded, berserk, fast, unusually strong, chance to defeat
Okay, then.
Aim: Snorg (severely wounded, berserk, fast, unusually strong)
The bolt of acid hits Snorg.
Snorg is splashed with acid.
The acid corrodes Snorg!
Snorg barely misses you. You furiously retaliate!
You headbutt Snorg. Snorg claws you!
* * * LOW HITPOINT WARNING * * *
Snorg claws you!
* * * LOW HITPOINT WARNING * * *
Snorg bites you!
You die...

## ### ####### #####
#.#
.#.##P#...###.#.##P.##
.....................##
......................#
..............!.....[.#
................@.....#
P.##..####.###..#T....#
#..#.## ### ####.....#
#....# ....## ##...#
.....# #..'# ###
......# #.♣.#
##.#####.....#
##...#####............#
.......##.............#


You could see Snorg (berserk).

Vanquished Creatures
  Fannar (Lair:3)
  4 hydras
  Nergalle (Lair:2)
  The ghost of Zleub the Frost Mage, a novice MfIE of Vehumet (D:6)
  Pikel (D:6)
  A black mamba (Lair:2)
  3 spiny frogs
  13 komodo dragons
  A hippogriff (Lair:3)
  4 blink frogs (Lair:3)
  2 wyverns
  Eustachio (D:6)
  3 basilisks
  Menkaure (D:4)
  Duvessa (D:6)
  4 porcupines
  3 water moccasins
  A hornet zombie (D:8)
  2 orc warriors (D:6)
  2 ice beasts (D:8)
  4 phantoms
  A slave (D:6)
  2 sky beasts
  2 black bears
  A necrophage (D:8)
  2 centaurs
  2 ogres
  9 crocodiles
  6 bullfrogs
  A big kobold (D:7)
  Dowan (D:6)
  A howler monkey (D:3)
  8 crimson imps
  2 bullfrog zombies
  A bullfrog skeleton (D:8)
  A centaur skeleton (D:8)
  5 hounds
  A jelly (D:6)
  A gnoll shaman (D:4)
  3 orc priests
  An iguana (D:5)
  2 orc wizards (D:7)
  7 worker ants
  A killer bee zombie (D:7)
  5 adders
  11 gnolls
  2 howler monkey skeletons (D:7)
  2 shadow imps
  An ooze (D:4)
  3 worms
  2 dart slugs
  5 leopard geckos
  19 orcs
  4 giant cockroaches
  3 goblins (D:1)
  9 hobgoblins
  15 jackals
  4 quokkas
  A ball python (D:4)
  6 bats
  7 frilled lizards
  A jackal zombie (D:8)
  11 kobolds
  A leopard gecko skeleton (D:4)
  A quokka zombie (D:7)
  16 rats
  A plant (Lair:2)
245 creatures vanquished.

Vanquished Creatures (others)
  A centaur (D:5)
  A scorpion (D:5)
  An iguana (D:5)
  An orc (D:5)
  A ball python (D:5)
  A fungus (Lair:3)
6 creatures vanquished.

Grand Total: 251 creatures vanquished

Notes
Turn   | Place    | Note
-------+----------+-------------------------------------------
     0 | D:1      | MalarOregon the Minotaur Hunter began the quest for the
                  | Orb.
     0 | D:1      | Reached XP level 1. HP: 18/18 MP: 0/0
   294 | D:1      | You fall through a shaft!
   329 | D:2      | Found a snail-covered altar of Cheibriados.
   337 | D:2      | Became a worshipper of Cheibriados the Contemplative
   387 | D:1      | Reached XP level 2. HP: 25/25 MP: 1/1
   448 | D:1      | Reached skill level 1 in Armour
   629 | D:1      | Reached * piety under Cheibriados
   671 | D:1      | Reached XP level 3. HP: 15/30 MP: 2/2
  1259 | D:2      | Found a shimmering altar of Xom.
  1436 | D:2      | Reached XP level 4. HP: 36/38 MP: 3/3
  1617 | D:3      | Reached ** piety under Cheibriados
  1679 | D:3      | Found a hide-covered altar of Uskayaw.
  1818 | D:3      | Reached skill level 5 in Throwing
  1818 | D:3      | Reached XP level 5. HP: 39/45 MP: 4/4
  1942 | D:3      | Reached skill level 1 in Invocations
  1993 | D:3      | Found a bloodstained altar of Trog.
  2212 | D:4      | Reached XP level 6. HP: 43/52 MP: 6/6
  2245 | D:4      | Reached *** piety under Cheibriados
  2527 | D:4      | Noticed Menkaure
  2530 | D:4      | Killed Menkaure
  2530 | D:4      | Reached skill level 6 in Throwing
  2530 | D:4      | Reached XP level 7. HP: 57/60 MP: 7/7
  2748 | D:4      | Found a sacrificial altar of Ru.
  2754 | D:4      | You fall through a shaft!
  2754 | D:5      | Entered Level 5 of the Dungeon
  2760 | D:5      | Found an ornate altar of the Wu Jian Council.
  3254 | D:5      | Reached **** piety under Cheibriados
  3307 | D:5      | Found a shimmering altar of Xom.
  3412 | D:5      | Reached skill level 5 in Fighting
  3673 | D:5      | Got a polished short sword
  3961 | D:5      | Identified the +7 short sword of Light {freeze, Str+3} (You
                  | found it on level 5 of the Dungeon)
  4071 | D:6      | Reached XP level 8. HP: 66/68 MP: 9/9
  4082 | D:6      | Found a white marble altar of Elyvilon.
  4095 | D:6      | Reached skill level 7 in Throwing
  4166 | D:6      | Reached skill level 5 in Dodging
  4372 | D:6      | Reached skill level 5 in Armour
  4397 | D:6      | Noticed Eustachio
  4413 | D:6      | Killed Eustachio
  4671 | D:6      | Found a runed door.
  4782 | D:6      | Noticed Pikel
  4805 | D:6      | Killed Pikel
  4805 | D:6      | Reached skill level 8 in Throwing
  4805 | D:6      | Reached XP level 9. HP: 51/75 MP: 11/11
  4960 | D:6      | Noticed Dowan
  4960 | D:6      | Noticed Duvessa
  4970 | D:6      | Killed Duvessa
  4972 | D:6      | Killed Dowan
  4972 | D:6      | Reached ***** piety under Cheibriados
  5423 | D:6      | Noticed Zleub's ghost (novice MfIE)
  5439 | D:6      | Killed Zleub's ghost
  5716 | D:7      | Reached skill level 5 in Invocations
  5874 | D:7      | Found a staircase to the Ecumenical Temple.
  5979 | D:7      | Reached skill level 9 in Throwing
  5988 | D:7      | Found a shattered altar of Ashenzari.
  6926 | D:8      | Reached XP level 10. HP: 86/86 MP: 13/13
  6933 | D:8      | Found a hazy altar of Hepliaklqana.
  6992 | D:8      | Found a basalt altar of Yredelemnul.
  7038 | D:8      | Found Culeob's Gadget Shoppe.
  7044 | D:8      | Bought a wand of flame (10) for 78 gold pieces
  7044 | D:8      | Bought a wand of iceblast (5) for 117 gold pieces
  7089 | D:8      | Found an opulent altar of Gozag.
  7146 | D:8      | Found a staircase to the Lair.
  7229 | D:8      | Found a sparkling altar of Nemelex Xobeh.
  7779 | Lair:1   | Entered Level 1 of the Lair of Beasts
  7894 | Lair:1   | Got a slimy trident
  7930 | Lair:1   | Reached skill level 10 in Throwing
  8256 | Lair:1   | HP: 1/88 [komodo dragon (11)]
  8267 | Lair:1   | Noticed a spiny frog
  8273 | Lair:1   | Killed a spiny frog
  8273 | Lair:1   | Reached skill level 1 in Evocations
  8355 | Lair:1   | Reached XP level 11. HP: 27/95 MP: 14/14
  9204 | Lair:1   | Noticed a four-headed hydra
  9212 | Lair:1   | Killed a one-headed hydra
  9297 | Lair:1   | You fall through a shaft!
  9354 | Lair:2   | Noticed a six-headed hydra
  9359 | Lair:2   | Killed a two-headed hydra
  9558 | Lair:2   | Noticed a five-headed hydra
  9566 | Lair:2   | Killed a two-headed hydra
  9566 | Lair:2   | Reached skill level 11 in Throwing
  9798 | Lair:2   | Found a hole to the Spider Nest.
  9867 | Lair:2   | Noticed Nergalle
  9880 | Lair:2   | Killed Nergalle
 10432 | Lair:3   | Noticed Fannar
 10436 | Lair:3   | Killed Fannar
 10659 | Lair:3   | Noticed a six-headed hydra
 10664 | Lair:3   | Killed a six-headed hydra
 10684 | Lair:3   | Found a labyrinth entrance.
 10990 | Lair:3   | Reached XP level 12. HP: 89/106 MP: 16/16
 11250 | Lair:3   | Noticed Snorg
 11257 | Lair:3   | HP: 1/106 [Snorg (15)]
 11257 | Lair:3   | Demolished by Snorg

Skill      XL: |  1  2  3  4  5  6  7  8  9 10 11 |
---------------+----------------------------------+-----
Armour         | 1 2 3 4 5 6 8 9 |  9.4
Fighting       | 3 4 5 6 7 8 9 |  9.8
Dodging        | 3 4 5 6 8 9 |  9.1
Throwing       | 5 6 8 9 10 11 | 11.8
Invocations    | 1 2 3 4 5 6 7 |  7.7
Evocations     | 1 3 |  3.6
Stealth        | |  0.7

Action                   |  1- 3 |  4- 6 |  7- 9 | 10-12 || total
-------------------------+-------+-------+-------+-------++-------
Melee: Short sword       |    84 |    51 |    34 |       ||   169
       Headbutt          |    13 |    10 |    15 |    17 ||    55
       Falchion          |       |       |       |    29 ||    29
Throw: Stone             |    36 |    58 |   388 |   173 ||   655
       Javelin           |     5 |    21 |    29 |   111 ||   166
       Tomahawk          |       |       |       |    38 ||    38
Invok: Slouch            |       |       |     2 |     2 ||     4
Evoke: Wand              |       |       |       |    30 ||    30
  Use: Scroll            |       |       |    12 |     4 ||    16
  Eat: Chunk             |       |     2 |     7 |     6 ||    15
Armor: Leather armour    |     4 |       |       |       ||     4
       Scale mail        |    27 |    19 |    44 |     2 ||    92
       Plate armour      |       |       |       |    68 ||    68
Dodge: Dodged            |    53 |    57 |   154 |    78 ||   342
       Rpst.: Falchion   |       |       |     5 |    19 ||    24
